 Dungeon Crawl Stone Soup version 0.29-a0-459-g97dee8cd24 (webtiles) character file.

Game seed: 11464173244260740003

63 holysushi the Charlatan (level 4, -4/30 HPs)
             Began as an Octopode Artificer on May 20, 2022.
             Slain by a gnoll
             ... wielding a +0 whip
              (8 damage)
             ... on level 2 of the Dungeon.
             The game lasted 00:01:48 (2141 turns).

holysushi the Charlatan (Octopode Artificer)        Turns: 2141, Time: 00:01:50

Health: -4/30      AC:  1    Str: 11    XL:     4   Next: 9%
Magic:  13/13      EV: 17    Int: 13    God:
Gold:   84         SH:  0    Dex: 14    Spells: 3/3 levels left

rFire   . . .      SeeInvis .   h - +1 short sword (venom)
rCold   + . .      Faith    .   (no shield)
rNeg    . . .      Spirit   .   (helmet restricted)
rPois   +          Reflect  .   (no amulet)
rElec   .          Harm     .   k - +4 ring of evasion
rCorr   .          Rampage  .   o - ring of poison resistance
Will    .....                   r - ring of protection from cold
Stlth   +++.......              t - ring of magical power
HPRegen 0.10/turn               (no ring)
MPRegen 0.13/turn               (no ring)
                                (no ring)
                                (no ring)

@: no status effects
A: almost no armour, amphibious, 8 rings, camouflage 1, gelatinous body 1,
(nimble swimmer 1), tentacles
a: no special abilities


You were on level 2 of the Dungeon.
You visited 1 branch of the dungeon, and saw 2 of its levels.

You collected 84 gold pieces.

Inventory:

Hand Weapons
 a - a +0 dagger
 h - a +1 short sword of venom (weapon)
Jewellery
 k - a +4 ring of evasion (left tentacle)
 o - a ring of poison resistance (right tentacle)
 r - a ring of protection from cold (on tentacle)
 t - a ring of magical power (on tentacle)
Wands
 b - a wand of flame (11) (quivered)
 c - a wand of charming (15)
 d - a wand of iceblast (9)
Scrolls
 e - a scroll of immolation {unknown}
 f - 2 scrolls of enchant weapon {unknown}
 l - a scroll of vulnerability {unknown}
 m - 3 scrolls of blinking {unknown}
 p - a scroll of fear {unknown}
 q - a scroll of identify {unknown}
 u - a scroll of enchant armour {unknown}
Potions
 g - a potion of might {unknown}
 i - a potion of degeneration {unknown}
 j - a potion of flight {unknown}
 n - a potion of brilliance {unknown}
 s - a potion of heal wounds {unknown}


   Skills:
 + Level 2.4 Fighting
 * Level 2.7 Short Blades
 - Level 2.3 Dodging
 - Level 1.3 Stealth
 - Level 3.2 Evocations


You had 3 spell levels left.
You didn't know any spells.
Your spell library contained the following spells:

 Spells                   Type           Power      Damage    Failure   Level
 Blink                    Tloc           0%         N/A       43%         2
 Lesser Beckoning         Tloc           0%         N/A       67%         3
 Manifold Assault         Tloc           0%         N/A       100%        5


Dungeon Overview and Level Annotations

Branches:
Dungeon (2/15)

Altars:

Shops:
D:1 [


Innate Abilities, Weirdness & Mutations

You cannot wear most types of armour.
You are amphibious.
You can wear up to eight rings at the same time.
Your skin changes colour to match your surroundings (Stealth+).
Your rubbery body absorbs attacks. (AC +1, EV +1)
((You are camouflaged when in or above water. (Stealth+)))
You have tentacles for arms and can constrict up to eight enemies at once.


Message History

An endoplasm is nearby!
An endoplasm is nearby!
An endoplasm is nearby! 2 gnolls come into view.
Found a fuming ruby potion.
A gnoll comes into view. It is wielding a +0 halberd.
Found a falchion.
The helpless endoplasm fails to defend itself.
You puncture the endoplasm!
You kill the endoplasm!
The gnoll shouts! x3
A gnoll comes into view. It is wielding a +0 spear.
The gnoll throws a throwing net.
The throwing net hits you.
You become entangled in the net!
You see here a throwing net.
You struggle against the net.
You struggle against the net.
You struggle against the net.
The gnoll barely misses you. The gnoll closely misses you.
The gnoll hits you with a +0 club!
You shred the net and break free! The gnoll barely misses you.
The gnoll hits you with a +0 whip. The gnoll attacks as you move away!
The gnoll barely misses you.
The gnoll throws a throwing net.
The throwing net barely misses you.
You see here a throwing net.
The gnoll attacks as you move away! The gnoll misses you.
The gnoll throws a throwing net.
The throwing net hits you.
You become entangled in the net!
You see here a throwing net.
You tear a large gash into the net.
The gnoll hits you with a +0 whip!
* * * LOW HITPOINT WARNING * * *
You struggle against the net.
The gnoll hits you from afar with a +0 spear.
* * * LOW HITPOINT WARNING * * *
The gnoll hits you with a +0 whip.
* * * LOW HITPOINT WARNING * * *
You rip the net and break free!
The gnoll barely misses you. The gnoll closely misses you.
Unknown command.
The gnoll attacks as you move away! The gnoll hits you with a +0 whip!
You die...

..###.##...####.........[##..)...
..# #.................########
..# ....#...##.[........รท# # ..#
. ###.##...........# # ###
#..#..........[. # .#
##.#..........#.# # ....#
#............#.# # ......
###..........#.. # .###.. #
##@######...... . .. #
....###g#######. . ###
#(.....gg....... ..
..#.####.g#######...
##........... ##...........
.###............
.................
.................


You could see 4 gnolls.

Vanquished Creatures
  3 gnolls (D:2)
  A worm (D:2)
  5 bats
  5 endoplasms
  2 goblins
  2 hobgoblins (D:1)
  2 kobolds (D:1)
  2 quokkas (D:1)
  2 ball pythons
  2 frilled lizards (D:1)
  5 rats (D:1)
31 creatures vanquished.

Notes
Turn   | Place    | Note
-------+----------+-------------------------------------------
     0 | D:1      | holysushi the Octopode Artificer began the quest for the
                  | Orb.
     0 | D:1      | Reached XP level 1. HP: 13/13 MP: 1/1
   158 | D:1      | Found Jimong's Antique Armour Shoppe.
   695 | D:1      | Reached XP level 2. HP: 15/19 MP: 2/2
   848 | D:1      | Reached skill level 1 in Short Blades
  1603 | D:2      | Reached XP level 3. HP: 24/24 MP: 3/3
  1756 | D:2      | Reached XP level 4. HP: 4/30 MP: 4/4
  2141 | D:2      | Slain by a gnoll

Illustrated notes

Levels and vault maps discovered:
D:1:      dpeg_arrival_short_road, layout_basic, serial_shops,
          nicolae_lakefront_shop, st_stairs_1
D:2:      layout_rooms, uniq_terence

Skill      XL: |  1  2  3 |
---------------+----------+-----
Short Blades   | 1 2 |  2.7
Fighting       | 2 |  2.4
Dodging        | |  2.3
Stealth        | |  1.3
Evocations     | |  3.2

Action                   |  1- 3 |  4- 6 || total
-------------------------+-------+-------++-------
Melee: Dagger            |    12 |       ||    12
       Unarmed           |     4 |       ||     4
       Constrict         |    15 |       ||    15
       Tentacles         |     9 |       ||     9
       Short sword       |    38 |     1 ||    39
Evoke: Wand              |     4 |       ||     4
 Stab: Sleeping          |     8 |     1 ||     9
Armor: Skin              |     4 |       ||     4
Dodge: Dodged            |    39 |     8 ||    47

Table legend: (Time is in decaauts)
 A = Elapsed time spent in this place.
 B = Non-inter-level travel time spent in this place.
 C = Inter-level travel time spent in this place.
 D = Time resting spent in this place.
 E = Time spent auto-exploring this place.
 F = Levels seen in this place.
 G = Mean time per level.
                   A        B        C        D        E       F      G
               +--------+--------+--------+--------+--------+-----+--------+
         Total |   2139 |   1981 |    158 |    560 |   1114 |   2 | 1069.5 |
       Dungeon |   2139 |   1981 |    158 |    560 |   1114 |   2 | 1069.5 |
               +--------+--------+--------+--------+--------+-----+--------+

Top non-repeatable levels by time:
     D:1: 1810 daAuts
     D:2: 328 daAuts
